 Dungeon Crawl Stone Soup version 0.27.0-1-g7a089689b8 (webtiles) character file.

Game seed: 17620292777847351330

123103 Kinoniko the Cutthroat (level 17, -4/112 HPs)
             Began as a Kobold Berserker on Aug 10, 2021.
             Was the Champion of Trog.
             Slain by a demonic crawler (7 damage)
             ... on level 2 of the Spider Nest on Aug 12, 2021.
             The game lasted 00:36:59 (24907 turns).

Kinoniko the Cutthroat (Kobold Berserker)          Turns: 24907, Time: 00:37:00

Health: -4/112     AC: 13    Str: 17    XL:     17   Next: 44%
Magic:  17/17      EV: 16    Int: 11    God:    Trog [******]
Gold:   2356       SH:  0    Dex: 19    Spells: 16/16 levels left

rFire    . . .     SeeInvis .   x - +6 rapier of Edghiu {vorpal, rC+ rCorr}
rCold    + . .     Faith    .   w - +0 buckler
rNeg     + . .     Spirit   .   v - +1 ring mail {rPois}
rPois    +         Reflect  .   b - +1 helmet {Int+3}
rElec    .         Harm     .   A - +1 cloak
rCorr    +         Rampage  .   g - +0 pair of gloves
Will     +....                  m - +0 pair of boots
Stlth    +++.......             u - amulet "Xeam" {rN+ Regen+ rCorr}
HPRegen  1.28/turn              t - +4 ring of evasion
MPRegen  0.15/turn              o - ring of poison resistance

@: on berserk cooldown, held, slowed, studying Transmutations, very slow
A: small, no large weapons, nightstalker 3
a: Renounce Religion, Berserk, Trog's Hand, Brothers in Arms


You were on level 2 of the Spider Nest.
You worshipped Trog.
Trog was exalted by your worship.
You visited 4 branches of the dungeon, and saw 25 of its levels.
You also visited: Sewer and Gauntlet.

You collected 2881 gold pieces.
You spent 525 gold pieces at shops.

Inventory:

Hand Weapons
 x - the +6 rapier of Edghiu (weapon) {vorpal, rC+ rCorr}
   (You acquired it on level 4 of the Dungeon)

   It inflicts extra damage upon your enemies.
   rC:        It protects you from cold.
   rCorr:     It protects you from acid and corrosion.
 F - the +5 quick blade of Big Damage {vorpal, rF+ rN+ Str+2}
   (Trog gifted it to you on level 1 of the Spider Nest)

   It inflicts extra damage upon your enemies.
   Str:       It affects your strength (+2).
   rF:        It protects you from fire.
   rN:        It protects you from negative energy.
Missiles
 H - a throwing net (quivered)
Armour
 b - a +1 helmet of intelligence (worn)
 g - a +0 pair of gloves (worn)
 m - a +0 pair of boots (worn)
 v - a +1 ring mail of poison resistance (worn)
 w - a +0 buckler (worn)
 A - a +1 cloak (worn)
Jewellery
 j - a ring of resist corrosion
 n - a ring of positive energy
 o - a ring of poison resistance (right hand)
 r - a ring of protection from cold
 t - a +4 ring of evasion (left hand)
 u - the amulet "Xeam" (around neck) {rN+ Regen+ rCorr}
   (You found it in a sewer)

   [amulet of regeneration]

   rN:        It protects you from negative energy.
   Regen:     It increases your rate of health regeneration.
   rCorr:     It protects you from acid and corrosion.
 V - a ring of protection from cold
 W - the ring "Tusiy" {Drain rN+ rCorr Str+6 Dex+6}
   (You found it in a Gauntlet)

   [ring of strength]

   Str:       It affects your strength (+6).
   Dex:       It affects your dexterity (+6).
   rN:        It protects you from negative energy.
   rCorr:     It protects you from acid and corrosion.
   Drain:     It drains your maximum health when unequipped.
 Y - a ring of magical power
Wands
 a - a wand of mindburst (28)
 D - a wand of polymorph (2)
 E - a wand of paralysis (37)
 J - a wand of flame (110)
 P - a wand of acid (18)
 X - a wand of iceblast (5)
Scrolls
 f - 2 scrolls of holy word
 h - 2 scrolls of immolation
 i - 3 scrolls of teleportation
 l - 6 scrolls of fog
 s - a scroll of torment
 y - 2 scrolls of vulnerability
 G - 5 scrolls of enchant weapon
 K - a scroll of brand weapon
 L - 4 scrolls of enchant armour
 S - 2 scrolls of silence
Potions
 c - 2 potions of cancellation
 d - 7 potions of heal wounds
 e - 4 potions of ambrosia
 k - 5 potions of haste
 p - 5 potions of curing
 q - a potion of invisibility
 z - 6 potions of might
 C - 5 potions of flight
 I - 4 potions of mutation
 N - 2 potions of magic
 O - 3 potions of lignification
 Q - 3 potions of attraction
Miscellaneous
 Z - a phantom mirror


   Skills:
 * Level 14.8 Fighting
 - Level 24.0 Short Blades
 + Level 2.9 Armour
 * Level 16.2 Dodging
 - Level 3.1 Stealth
 - Level 7.0 Shields


You had 16 spell levels left.
You didn't know any spells.
Your spell library contained the following spells:

 Spells                   Type           Power      Damage    Failure   Level
 Animate Skeleton         Necr           0%         N/A       54%         1
 Beastly Appendage        Tmut           0%         N/A       54%         1
 Foxfire                  Conj/Fire      0%         2x1d4     54%         1
 Magic Dart               Conj           0%         1d3       54%         1
 Corpse Rot               Necr/Air       N/A        N/A       67%         2
 Poisonous Vapours        Pois/Air       0%         N/A       67%         2
 Ignite Poison            Fire/Tmut/Pois 0%         N/A       88%         3
 Summon Ice Beast         Ice/Summ       0%         N/A       99%         4
 Freezing Cloud           Conj/Ice/Air   0%         6-21      100%        5
 Iskenderun's Battlesphe  Conj           0%         2d6       100%        5
 Iron Shot                Conj/Erth      0%         9d1       100%        6
 Spellforged Servitor     Conj/Summ      0%         N/A       100%        7
 Storm Form               Tmut/Air       0%         N/A       100%        7


Dungeon Overview and Level Annotations

Branches:
Dungeon (15/15)            Temple (0/1) D:4            Lair (6/6) D:11
 Shoals (0/4) Lair:3       Spider (2/4) Lair:2        Slime (0/5) Lair:6
    Orc (2/2) D:12            Elf (0/3) Orc:2        Vaults (0/5) D:14
 Depths (0/5) D:15          Sewer (visited)         Gauntlet (visited)

Altars:
Ashenzari
Cheibriados
Elyvilon
Fedhas
Gozag
Hepliaklqana
Trog
Uskayaw
Wu Jian
Yredelemnul
Zin
Beogh

Shops:
D:2 [   D:4 (   D:5 *   Orc:2 (*(**

Annotations:
D:6 3 runed translucent doors, weresquid's ghost, novice MiGl
D:11 exclusion: oklob plant
Lair:2 2 transporters


Innate Abilities, Weirdness & Mutations

You are small and have problems with some larger weapons.
You are completely attuned to the shadows.


Message History

Your redback misses the tarantella.
Your redback bites the tarantella!
The demonic crawler hits you.
* * * LOW HITPOINT WARNING * * *
The demonic crawler misses you. x2
You hear an angry hiss.
Unknown command.
You struggle to detach yourself from the web.
The tarantella bites you.
* * * LOW HITPOINT WARNING * * *
The redback bites you.
* * * LOW HITPOINT WARNING * * *
The jumping spider leaps!
Your redback bites the tarantella!
The tarantella barely misses your redback.
The redback bites you but does no damage.
Your redback bites the tarantella!
The tarantella dies!
Trog accepts your kill.
The jumping spider leaps!
The demonic crawler closely misses you. The demonic crawler barely misses you.
The demonic crawler misses you.
A wolf spider comes into view.
The redback barely misses you. The tarantella bites your redback!
Your redback bites the jumping spider!
The jumping spider looks as sick as possible!
Your redback poisons the jumping spider!
Your redback barely misses the jumping spider.
The jumping spider leaps!
The demonic crawler hits you!
* * * LOW HITPOINT WARNING * * *
The demonic crawler misses you. x2
Unknown command.
You struggle to detach yourself from the web.
The jumping spider dies!
Trog accepts your kill. The tarantella bites you!
* * * LOW HITPOINT WARNING * * *
The redback bites you.
* * * LOW HITPOINT WARNING * * *
Your redback bites the tarantella.
Your redback bites the redback!
The redback looks as sick as possible!
Your redback poisons the redback!
The jumping spider leaps!
The demonic crawler hits you!
You die...

####### #.# #.##
#.### ...#
##...## . ...#
##.#...### ..
..##
.....°...#.....
..#
..s.......†#§...
###
....#s.ss...#§..
# #.†ssss#§.§.°.
# ...ss@°#..s.#
.
...ss#s...s†...
........†.#....
#.......s...§.#
....#.....○...
.#.......


You could see a demonic crawler, a wolf spider, an orb spider (charged), 2
jumping spiders, a tarantella (ally target), 2 redbacks, a friendly orb spider
(summoned) and 5 friendly redbacks.

Vanquished Creatures
  Azrael (D:14)
  An entropy weaver (Spider:1)
  A dire elephant (Lair:5)
  A minotaur (Gauntlet)
  Snorg (Lair:3)
  11 hydras
  Josephine (Orc:2)
  2 ogre magi (Orc:2)
  2 boulder beetles
  Erica (D:8)
  2 catoblepae
  5 centaur warriors
  15 two-headed ogres
  A death knight (D:15)
  6 death yaks
  A hell hog (Gauntlet)
  A deep troll shaman (Lair:6)
  A vampire mage (D:15)
  Urug (Lair:1)
  2 tengu warriors
  An orc high priest (Orc:1)
  11 skeletal warriors
  An iron troll (D:14)
  A wizard (D:14)
  A phantasmal warrior (D:15)
  An iron dragon zombie (D:15)
  2 deep elf pyromancers
  2 orb spiders
  A lindwurm (Lair:6)
  9 cyclopes
  A necromancer (D:15)
  2 orc sorcerers
  2 orc knights
  5 oklob plants
  8 wolf spiders
  3 ugly things
  A manticore (D:15)
  5 elephants
  A rust devil (Gauntlet)
  5 black mambas
  11 cane toads
  A minotaur zombie (Gauntlet)
  3 torpor snails
  2 kobold demonologists
  7 demonic crawlers
  3 rime drakes
  A freezing wraith (D:15)
  A guardian mummy (D:15)
  3 tengu conjurers (D:15)
  10 komodo dragons
  11 polar bears
  4 trolls
  3 meliai (D:15)
  10 jumping spiders
  7 blink frogs (Lair:5)
  An ice dragon zombie (D:15)
  A snapping turtle (Lair:3)
  A spriggan zombie (D:15)
  A fire dragon zombie (D:15)
  4 dream sheep (D:14)
  7 slime creatures
  A shadow (D:10)
  9 wraiths
  A redback (shapeshifter) (D:15)
  A yak (shapeshifter) (D:15)
  4 tarantellas
  16 redbacks
  2 ynoxinuls (Gauntlet)
  2 fire elementals (D:14)
  6 wyverns
  2 vampires
  2 basilisks
  79 yaks
  4 humans (D:14)
  4 fire bats (Gauntlet)
  A basilisk (shapeshifter) (D:13)
  A hog (shapeshifter) (D:15)
  A steam dragon (D:10)
  9 vampire mosquitoes
  A warg (Orc:2)
  An acid dragon (D:12)
  6 hell hounds
  17 water moccasins
  A floating eye (Lair:1)
  12 orc warriors
  2 sky beasts (D:7)
  3 ice beasts
  Purgy (Sewer)
  2 hornet zombies
  7 black bears
  26 ogres
  9 wolves
  8 centaurs
  2 kobold brigands
  15 bullfrogs
  A gnoll sergeant (D:10)
  5 scorpions
  13 killer bees
  3 electric eels
  12 howler monkeys
  5 centaur zombies
  A bullfrog zombie (D:6)
  9 jellies
  4 iron imps (Gauntlet)
  A bullfrog skeleton (D:4)
  2 gnoll shamans
  12 orc priests
  6 iguanas
  9 orc wizards
  A scorpion zombie (D:5)
  A hound zombie (D:5)
  A hound skeleton (D:4)
  3 howler monkey zombies
  19 gnolls
  6 adders
  A shadow imp (D:8)
  A white imp (D:8)
  An ufetubus (D:6)
  An adder skeleton (D:4)
  7 worms
  34 orcs
  18 endoplasms
  3 giant cockroaches
  3 goblins
  4 hobgoblins
  5 jackals
  6 quokkas
  6 ball pythons
  A bat (D:1)
  2 frilled lizards
  15 kobolds
  A rat (D:2)
693 creatures vanquished.

Vanquished Creatures (collateral kills)
  2 ogre magi (Orc:2)
  3 two-headed ogres (Orc:2)
  3 death yaks (Lair:6)
  A cyclops (D:11)
  A gargoyle (D:11)
  A jumping spider (Spider:2)
  A tarantella (Spider:2)
  7 ogres (Orc:2)
  An orc wizard (Orc:2)
  2 orcs (Orc:2)
22 creatures vanquished.

Vanquished Creatures (others)
  A human (D:14)
  A bush (Lair:2)
  65 fungi
  73 plants
  9 toadstools (Lair:5)
  3 withered plants (D:15)
152 creatures vanquished.

Grand Total: 867 creatures vanquished

Notes
Turn   | Place    | Note
-------+----------+-------------------------------------------
     0 | D:1      | Kinoniko the Kobold Berserker began the quest for the Orb.
     0 | D:1      | Reached XP level 1. HP: 14/14 MP: 1/1
   381 | D:1      | Reached XP level 2. HP: 19/19 MP: 2/2
   541 | D:2      | Found Hosaxto's Antique Armour Emporium.
  1114 | D:2      | Reached XP level 3. HP: 23/23 MP: 3/3
  1268 | D:2      | Reached skill level 5 in Short Blades
  1406 | D:2      | Reached XP level 4. HP: 27/28 MP: 4/4
  1757 | D:3      | Found an ornate altar of the Wu Jian Council.
  2070 | D:3      | You fall into a shaft and drop 2 floors!
  2070 | D:5      | Entered Level 5 of the Dungeon
  2242 | D:5      | Found a glowing drain.
  2251 | Sewer    | Entered a sewer
  2351 | Sewer    | Noticed Purgy
  2367 | Sewer    | Killed Purgy
  2368 | Sewer    | Reached skill level 6 in Short Blades
  2368 | Sewer    | Reached XP level 5. HP: 32/32 MP: 5/5
  2436 | Sewer    | Identified the amulet "Xeam" {rN+ Regen+ rCorr}
  2486 | D:5      | Noticed an ogre
  2487 | D:5      | Found a snail-covered altar of Cheibriados.
  2488 | D:5      | Noticed a centaur
  2494 | D:5      | Killed an ogre
  2495 | D:5      | Reached skill level 7 in Short Blades
  2495 | D:5      | Reached XP level 6. HP: 26/37 MP: 6/6
  2501 | D:5      | Reached skill level 8 in Short Blades
  2501 | D:5      | Reached skill level 5 in Dodging
  3280 | D:4      | Found a basalt altar of Yredelemnul.
  3316 | D:4      | Identified 2 scrolls of acquirement
  3316 | D:4      | Acquired the +6 rapier of Edghiu {vorpal, rC+ rCorr}
  3318 | D:4      | Acquired a +1 helmet of intelligence
  3345 | D:4      | Noticed a black bear
  3349 | D:4      | Killed a black bear
  3350 | D:4      | Reached skill level 1 in Shields
  3350 | D:4      | Reached XP level 7. HP: 41/41 MP: 7/7
  3527 | D:4      | Reached ** piety under Trog
  3559 | D:4      | Found a staircase to the Ecumenical Temple.
  3592 | D:4      | Found Kisa's Weapon Shoppe.
  3751 | D:4      | Found a bloodstained altar of Trog.
  4168 | D:5      | Reached skill level 9 in Short Blades
  4217 | D:5      | Reached XP level 8. HP: 46/46 MP: 8/8
  4571 | D:5      | Found Zin's Purification Station.
  4579 | D:5      | Found a glowing silver altar of Zin.
  4673 | D:5      | Reached skill level 10 in Short Blades
  5019 | D:6      | Found a broken altar of Ashenzari.
  5045 | D:6      | Noticed a wraith
  5058 | D:6      | Found a runed translucent gate.
  5059 | D:6      | Noticed weresquid's ghost (novice MiGl)
  5065 | D:6      | Found a runed translucent gate.
  5065 | D:6      | Noticed a two-headed ogre
  5066 | D:6      | Found a runed translucent gate.
  5214 | D:6      | Found a hide-covered altar of Uskayaw.
  5329 | D:6      | Reached XP level 9. HP: 48/51 MP: 9/9
  5343 | D:6      | Reached skill level 11 in Short Blades
  5366 | D:6      | Reached *** piety under Trog
  5489 | D:6      | Reached skill level 5 in Shields
  5494 | D:6      | Found a white marble altar of Elyvilon.
  6458 | D:7      | Reached skill level 12 in Short Blades
  6915 | D:8      | Noticed Erica
  6926 | D:8      | Killed Erica
  6927 | D:8      | Reached skill level 13 in Short Blades
  6927 | D:8      | Reached XP level 10. HP: 56/56 MP: 10/10
  7081 | D:8      | Found a blossoming altar of Fedhas.
  7512 | D:9      | Reached **** piety under Trog
  7798 | D:9      | Reached skill level 14 in Short Blades
  8293 | D:10     | Entered Level 10 of the Dungeon
  8339 | D:10     | Noticed a kobold demonologist
  8343 | D:10     | Killed a kobold demonologist
  8357 | D:10     | Noticed a two-headed ogre
  8365 | D:10     | Killed a two-headed ogre
  8366 | D:10     | Reached skill level 5 in Fighting
  8366 | D:10     | Reached XP level 11. HP: 64/64 MP: 11/11
  8614 | D:10     | Found a hazy altar of Hepliaklqana.
  8619 | D:10     | Reached ***** piety under Trog
  8845 | D:10     | Reached skill level 15 in Short Blades
  9019 | D:10     | Received a gift from Trog
  9329 | D:11     | Noticed a six-headed hydra
  9336 | D:11     | Killed a six-headed hydra
  9564 | D:11     | Noticed a purple ugly thing
  9576 | D:11     | Killed a purple ugly thing
  9577 | D:11     | Reached skill level 16 in Short Blades
  9712 | D:11     | Found a staircase to the Lair.
  9716 | D:11     | Noticed a cyclops
  9725 | D:11     | Killed a cyclops
  9737 | D:11     | Reached XP level 12. HP: 72/72 MP: 12/12
  9992 | D:11     | Found a blossoming altar of Fedhas.
 10354 | D:12     | Noticed a two-headed ogre
 10365 | D:12     | Killed a two-headed ogre
 10498 | D:12     | Reached skill level 17 in Short Blades
 10587 | D:12     | Found a staircase to the Orcish Mines.
 10741 | D:12     | Identified the +8 hand axe of Excruciating Pain {freeze,
                  | rN++ MP+9 Str-4 SInv}
 11029 | D:12     | Noticed a five-headed hydra
 11034 | D:12     | Killed a five-headed hydra
 11035 | D:12     | Reached skill level 10 in Dodging
 11313 | D:12     | Noticed a boulder beetle
 11327 | D:12     | Killed a boulder beetle
 11327 | D:12     | Received a gift from Trog
 11434 | Lair:1   | Entered Level 1 of the Lair of Beasts
 11477 | Lair:1   | You fall into a shaft and drop 1 floor!
 11768 | Lair:1   | Noticed Urug
 11781 | Lair:1   | Killed Urug
 11782 | Lair:1   | Reached skill level 18 in Short Blades
 11782 | Lair:1   | Reached XP level 13. HP: 80/80 MP: 13/13
 12144 | Lair:1   | Identified the +11 short sword "Qolaixzergh" {spect,
                  | Fragile Int+4 Dex+7}
 12368 | Lair:2   | Noticed a six-headed hydra
 12373 | Lair:2   | Killed a six-headed hydra
 12571 | Lair:2   | Found a hole to the Spider Nest.
 12649 | Lair:2   | Reached skill level 10 in Fighting
 12672 | Lair:2   | Found a transporter.
 12685 | Lair:2   | Reached skill level 19 in Short Blades
 12930 | Lair:2   | Found a transporter.
 13224 | Lair:3   | Noticed Snorg
 13233 | Lair:3   | Killed Snorg
 13549 | Lair:3   | Found a staircase to the Shoals.
 13640 | Lair:3   | Noticed a six-headed hydra
 13647 | Lair:3   | Killed a six-headed hydra
 14090 | Lair:4   | Reached XP level 14. HP: 34/88 MP: 14/14
 14178 | Lair:4   | Got Spellcasting for Novices
 14911 | Lair:5   | Identified the +7 dagger "Itsiat" {vorpal, rC+ Str+7
                  | Stlth-} (Trog gifted it to you on level 5 of the Lair of
                  | Beasts)
 14911 | Lair:5   | Received a gift from Trog
 14928 | Lair:5   | Reached skill level 20 in Short Blades
 15447 | Lair:5   | Noticed a dire elephant
 15469 | Lair:5   | Found a runed translucent door.
 15997 | Lair:5   | Killed a dire elephant
 16165 | Lair:6   | Entered Level 6 of the Lair of Beasts
 16254 | Lair:6   | Found a gate leading to a gauntlet.
 16288 | Gauntlet | Entered a Gauntlet
 16324 | Gauntlet | Found a transporter.
 16324 | Gauntlet | Found a transporter.
 16339 | Gauntlet | Found a transporter.
 16339 | Gauntlet | Found a transporter.
 16354 | Gauntlet | Found a transporter.
 16410 | Gauntlet | Found a transporter.
 16424 | Gauntlet | Found a transporter.
 16465 | Gauntlet | Found a transporter.
 16483 | Gauntlet | Found a transporter.
 16483 | Gauntlet | Found a transporter.
 16494 | Gauntlet | Found a transporter.
 16494 | Gauntlet | Found a transporter.
 16563 | Gauntlet | Reached skill level 21 in Short Blades
 16565 | Gauntlet | Identified the +1 leather armour of Crawling {Str+6 SInv}
 16610 | Gauntlet | Got Sif Muna's Grimoire of Shape Shifting and Ice
 16647 | Gauntlet | Identified the ring "Tusiy" {Drain rN+ rCorr Str+6 Dex+6}
 16676 | Gauntlet | Noticed a minotaur
 16696 | Gauntlet | Killed a minotaur
 16752 | Gauntlet | Received a gift from Trog
 16859 | Lair:6   | Reached XP level 15. HP: 96/96 MP: 15/15
 17311 | Lair:6   | Found a staircase to the Slime Pits.
 18143 | D:13     | Reached skill level 22 in Short Blades
 18814 | D:14     | HP: 3/97 [skeletal warrior[a skeletal warrior] (21)]
 19062 | D:14     | Found an opulent altar of Gozag.
 19147 | D:14     | Reached ****** piety under Trog
 19225 | D:14     | Received a gift from Trog
 19508 | D:14     | Noticed Azrael
 19522 | D:14     | Killed Azrael
 19526 | D:14     | Reached XP level 16. HP: 104/104 MP: 16/16
 19723 | D:14     | Found a gate to the Vaults.
 20444 | Orc:1    | Entered Level 1 of the Orcish Mines
 20633 | Orc:2    | Entered Level 2 of the Orcish Mines
 20673 | Orc:2    | Found Astru's Assorted Antiques.
 20678 | Orc:2    | Bought a bloodstained ring mail for 315 gold pieces
 20678 | Orc:2    | Identified the +1 ring mail of Tomorrow {rC++ Will- Regen+
                  | Slay-2} (You bought it in a shop on level 2 of the Orcish
                  | Mines)
 20678 | Orc:2    | Bought a scroll labelled DUASEDD YQARCHO for 35 gold pieces
 20678 | Orc:2    | Bought a potion of heal wounds for 175 gold pieces
 20778 | Orc:2    | Noticed Josephine
 20788 | Orc:2    | Killed Josephine
 20789 | Orc:2    | Reached skill level 23 in Short Blades
 20980 | Orc:2    | Reached skill level 15 in Dodging
 21055 | Orc:2    | Paralysed by an ogre mage for 6 turns
 21117 | Orc:2    | Received a gift from Trog
 21208 | Orc:2    | Found Zuntemet's Antique Weapon Shop.
 21208 | Orc:2    | Found Sooz's Weapon Emporium.
 21209 | Orc:2    | Found Imiulufa's Assorted Antiques.
 21209 | Orc:2    | Found Rejotwok's General Store.
 21380 | Orc:2    | Found a staircase to the Elven Halls.
 22378 | D:15     | Entered Level 15 of the Dungeon
 22919 | D:15     | Reached XP level 17. HP: 96/111 MP: 17/17
 22955 | D:15     | Found a staircase to the Depths.
 22966 | D:15     | Reached skill level 24 in Short Blades
 23110 | D:15     | Reached skill level 1 in Stealth
 23794 | Spider:1 | Entered Level 1 of the Spider Nest
 24149 | Spider:1 | Identified the +5 quick blade of Big Damage {vorpal, rF+
                  | rN+ Str+2} (Trog gifted it to you on level 1 of the Spider
                  | Nest)
 24149 | Spider:1 | Received a gift from Trog
 24907 | Spider:2 | HP: 3/112 [redback (5)]
 24907 | Spider:2 | Slain by a demonic crawler

Illustrated notes

Levels and vault maps discovered:
D:1:      sevenhm_arrival_forest_fort_small_3, layout_rooms
D:2:      layout_loops_ring, serial_shops, shop, roderic_serpentine_path,
          kennysheep_big_empty_room
D:3:      layout_basic, nzn_wu_jian_contemplation, minmay_shallow_snake_nest
D:4:      layout_gridville, lemuel_round_altar, trog_butcher_becter,
          minmay_temple_entry_crystal_x, serial_shops, nicolae_shop_behind_doors
D:5:      layout_gridville, mainiacjoe_overflow_tiny_flanked, zin_purify,
          cheibrodos_sewer_entry_drain
D:6:      minmay_evil_eye, layout_loops_ring, marbit_many_paths,
          nicolae_ashenzari_skybound, eat_drink_and_be_merry_uskayaw,
          gammafunk_ghost_split, kennysheep_donut
D:7:      layout_basic, serial_glass, glass_columns_b, glass_columns_c,
          feat_on_display, due_unseen_surprise, item_on_display_a
D:8:      layout_rooms, amcnicky_altar_gilded, nicolae_two_hexagons, uniq_erica
D:9:      layout_cave_pools, chequers_mini_garden
D:10:     layout_long_grid, kennysheep_little_box, minmay_starry_boxes
D:11:     layout_stronghold, due_lair_maze_entry_diamond, tgw_fedhas
D:12:     lemuel_slime, layout_small_grid, erik_orc_3
D:13:     layout_loops_ring
D:14:     slaughterhouse, layout_gridville, david_vaults_4,
          nicolae_gozag_cash_rules_everything_around_me, uniq_azrael
D:15:     gammafunk_depths_entry_grave, layout_basic, dk_noncrumbling_4
Lair:1:   beast_lair_carwin_large_2, layout_concentric_octagons,
          serial_bayou_pond_e, disabler_island, uniq_urug
Lair:2:   layout_loops_ring, nicolae_spider_entry_non_spiders,
          nzn_ghost_randoct, grunt_megastairs_3
Lair:3:   layout_cave_shapes, minmay_shoals_entry_hut, st_stairs_9,
          chequers_serial_rivers_micro_e, minivault_11, uniq_snorg
Lair:4:   layout_regular_city, minmay_lair_oklob_chamber
Lair:5:   gammafunk_lair_enchanted_lake, layout_regular_city
Lair:6:   grunt_lair_end_beastmaster, layout_gridlike,
          minmay_slime_entry_pillars, gauntlet_entry_generic,
          cheibrodos_lair_lostbears
Spider:1: layout_spider_delve
Spider:2: nicolae_spider_hilbert_zone_6 [nicolae_spider_hilbert_4_sides_1_open,
          nicolae_spider_hilbert_4_sides_1_open,
          nicolae_spider_hilbert_4_sides_1_open,
          nicolae_spider_hilbert_4_sides_1_open,
          nicolae_spider_hilbert_4_sides_1_open,
          nicolae_spider_hilbert_4_sides_1_open,
          nicolae_spider_hilbert_4_sides_1_open], nicolae_spider_webbed_stairs
Orc:1:    nicolae_orc_accident_2, layout_caves
Orc:2:    st_orc_ogre_mass, layout_caves, basic_altar, serial_shops, shop,
          uniq_josephine

Skill      XL: |  1  2  3  4  5  6  7  8  9 10 11 12 13 14 15 16 17 |
---------------+----------------------------------------------------+-----
Dodging        | 3 4 5 6 8 10 12 13 14 15 16 | 16.2
Short Blades   | 5 6 7 8 9 10 13 14 16 18 19 21 22 23 24 | 24.0
Shields        | 1 2 4 7 |  7.0
Fighting       | 5 7 9 10 12 13 14 | 14.8
Stealth        | 3 |  3.1
Armour         | 2 |  2.9

Action                   |  1- 3 |  4- 6 |  7- 9 | 10-12 | 13-15 | 16-18 || total
-------------------------+-------+-------+-------+-------+-------+-------++-------
Melee: Short sword       |    54 |    37 |       |       |   853 |   535 ||  1479
       Dagger            |       |    38 |       |       |       |       ||    38
       Rapier            |       |     2 |   240 |   557 |    70 |    66 ||   935
       Quick blade       |       |       |       |       |       |    84 ||    84
Invok: Berserk           |       |     4 |     4 |    16 |    21 |    15 ||    60
       Brothers in Arms  |       |       |       |     1 |     2 |     1 ||     4
  Use: Scroll            |       |     6 |     6 |     5 |    12 |     5 ||    34
       Potion            |       |       |       |       |     2 |     2 ||     4
 Stab: Sleeping          |     5 |     5 |     9 |    10 |     8 |     9 ||    46
       Distracted        |       |       |     2 |       |    30 |    15 ||    47
Armor: Ring mail         |    10 |     1 |    59 |    68 |    87 |    71 ||   296
       Leather armour    |       |    11 |       |       |       |       ||    11
       Troll leather arm |       |     4 |       |       |       |       ||     4
Dodge: Dodged            |    17 |    49 |   118 |   289 |   442 |   485 ||  1400
Block: Buckler           |       |       |    44 |    97 |   195 |   191 ||   527
